 Dungeon Crawl Stone Soup version 0.31-a0-675-g238779eb0a (webtiles) character file.

Game seed: 6347726456286567569

60 qw the Shooter (level 4, -1/28 HPs)
             Began as a Gargoyle Hunter on Sept 5, 2023.
             Slain by Robin
             ... wielding a +0 spear
              (5 damage)
             ... on level 2 of the Dungeon.
             The game lasted 00:00:30 (1029 turns).

qw the Shooter (Gargoyle Hunter)                    Turns: 1029, Time: 00:00:30

Health: -1/28      AC:  6    Str: 15    XL:     4   Next: 6%
Magic:  4/4        EV: 11    Int:  9    God:
Gold:   90         SH:  0    Dex: 15    Spells: 3/3 levels left

rFire   . . .        Y - +0 shortbow
rCold   . . .        (shield currently unavailable)
rNeg    + . .        c - +0 leather armour
rPois   inf          (no helmet)
rElec   +            (no cloak)
rCorr   .            (no gloves)
SInv    .            (no boots)
Will    .....        (no amulet)
Stlth   ++           (no ring)
HPRegen 0.24/turn    (no ring)
MPRegen 0.09/turn

%: no passive effects
@: no status effects
A: sickness immunity, AC +3, negative energy resistance 1, electricity
resistance, torment resistance 1, petrification resistance
a: no special abilities


You were on level 2 of the Dungeon.
You visited 1 branch of the dungeon, and saw 2 of its levels.

You collected 90 gold pieces.


Innate Abilities, Weirdness & Mutations

You are immune to sickness and miasma.
Your stone body is resilient. (AC +3)
You are immune to poison.
You resist negative energy. (rN+)
You are resistant to electric shocks. (rElec)
You are resistant to unholy torment.
You are immune to petrification.


   Skills:
 - Level 3.0 Fighting
 + Level 5.1 Ranged Weapons
 - Level 1.5 Dodging
 - Level 1.1 Stealth


You had 3 spell levels left.
You didn't know any spells.
Your spell library was empty.

Inventory:

Hand Weapons
 Y - a +0 shortbow (weapon)
Armour
 c - a +0 leather armour (worn)
Jewellery
 e - an amulet of guardian spirit
Scrolls
 f - a scroll of identify {unknown}
 h - a scroll of revelation {unknown}
Potions
 a - 3 potions of curing {unknown}
 b - a potion of mutation {unknown}
 d - 2 potions of degeneration {unknown}
 g - a potion of attraction {unknown}
 i - a potion of haste {unknown}

Dungeon Overview and Level Annotations

Branches:
Dungeon (2/15)

Altars:

Annotations:
D:2 Robin


Message History

Robin roars a battlecry!
The goblins go into a battle-frenzy!
You shoot an arrow. The arrow hits the hobgoblin.
You kill the hobgoblin!
Robin throws the goblin at you! The goblin misses you.
You shoot an arrow. The arrow hits the goblin.
The goblin is heavily wounded.
Robin hits you from afar with a +0 spear.
The goblin barely misses you. The goblin hits you but does no damage.
You shoot an arrow. The arrow hits the goblin.
You kill the goblin!
Robin hits you from afar with a +0 spear.
The goblin barely misses you. The hobgoblin misses you.
Robin hits you from afar with a +0 spear.
The hobgoblin hits you. The goblin hits you with a +0 dagger.
You have reached level 4!
You feel stronger.
You shoot an arrow. The arrow hits the hobgoblin.
The hobgoblin is severely wounded.
Robin hits you but does no damage.
The hobgoblin hits you but does no damage.
The goblin barely misses you.
You shoot an arrow. The arrow hits the hobgoblin.
You kill the hobgoblin!
Robin hits you but does no damage. The hobgoblin closely misses you.
The goblin barely misses you.
You shoot an arrow. The arrow hits the goblin.
The goblin is severely wounded.
Robin flexes a bicep menacingly.
Robin throws the goblin at you!
The hobgoblin hits you but does no damage.
The goblin hits you but does no damage. The goblin closely misses you.
You shoot an arrow. The arrow hits the goblin!
You kill the goblin!
Robin says, "My army is invincible!"
Robin hits you from afar with a +0 spear.
The hobgoblin hits you. The goblin hits you but does no damage.
You shoot an arrow. The arrow barely misses the hobgoblin.
Robin hits you from afar with a +0 spear.
You die...
Robin says, "And that's why I'm the boss."

#.%....##......#####
###.#..........#####
########.##.##..#####....
.........##.........#.###
.......<.#######..#...#
.........# ##....##
.######..# ##..#### #g)#
#.>...# #)@# ##....# #g.#
########..).# #.g.
............#
#)###########..[.# ..#
#(...# ...# #....# .))#
#....# .... ##+###


You could see Robin, a hobgoblin (strong) and a goblin (strong).

Vanquished Creatures
  A worm (D:2)
  3 endoplasms
  2 giant cockroaches
  8 goblins
  9 hobgoblins
  3 jackals (D:1)
  6 kobolds
  3 quokkas
  5 ball pythons
  3 bats (D:1)
  3 frilled lizards
  3 rats (D:1)
49 creatures vanquished.

Notes
Turn   | Place    | Note
-------+----------+-------------------------------------------
     0 | D:1      | qw the Gargoyle Hunter began the quest for the Orb.
     0 | D:1      | Reached XP level 1. HP: 12/12 MP: 1/1
     0 | D:1      | 0 ||| qw: Version: 0.3-a-75-g829b12e
     0 | D:1      | 0 ||| qw: Game counter: 149
     0 | D:1      | 0 ||| qw: Melee chars always use a shield: true
     0 | D:1      | 0 ||| qw: God list: Okawaru
     0 | D:1      | 0 ||| qw: Allow faded altars: false
     0 | D:1      | 0 ||| qw: Do Orc after clearing Dungeon:15 true
     0 | D:1      | 0 ||| qw: Do second Lair branch before Depths: true
     0 | D:1      | 0 ||| qw: Lair rune preference: random
     0 | D:1      | 0 ||| qw: Goals: Normal
     0 | D:1      | 0 ||| PLANNING D:1-11
   109 | D:1      | Reached XP level 2. HP: 17/17 MP: 2/2
   244 | D:1      | Reached XP level 3. HP: 21/21 MP: 3/3
   252 | D:1      | Reached skill level 5 in Ranged Weapons
   522 | D:1      | 522 ||| READING scroll labelled HITZIK ULEANI.
   527 | D:1      | 527 ||| READING scroll labelled XAGHUF WOETISA.
   528 | D:1      | 528 ||| READING scroll labelled ATZENI TYICAF.
   629 | D:1      | 629 ||| DROPPING scroll of butterflies.
   961 | D:2      | Reached skill level 3 in Fighting
  1013 | D:2      | Noticed Robin
  1025 | D:2      | Reached XP level 4. HP: 10/28 MP: 4/4
  1028 | D:2      | HP: 7/28 [Robin/+0 spear (5)]
  1029 | D:2      | Slain by Robin

Levels and vault maps discovered:
D:1:      sevenhm_arrival_forest_fort_large_4, layout_rooms, minmay_pentomino_u2
D:2:      layout_basic, uniq_robin

Skill      XL: |  1  2  3 |
---------------+----------+-----
Ranged Weapons | 5 |  5.1
Fighting       | 3 |  3.0
Dodging        | |  1.5
Stealth        | |  1.1

Action                     |  1- 3 |  4- 6 || total
---------------------------+-------+-------++-------
   Fire: Shortbow          |   124 |     5 ||   129
    Use: Scroll            |     3 |       ||     3
 Armour: Leather armour    |    33 |    10 ||    43
  Dodge: Dodged            |    35 |     4 ||    39

Table legend:
 A = Non-vault XP
 B = Vault XP
 C = Vault XP percentage of total XP
 D = Non-vault monster count
 E = Vault monster count
 F = Vault count percentage of total count
                 A         B        C        D         E       F
            +---------+---------+-------+---------+---------+-------
      Total |      69 |      18 |  20.7 |      39 |      10 |  20.4
            +---------+---------+-------+---------+---------+-------
        D:1 |      46 |       2 |   4.2 |      27 |       2 |   6.9
        D:2 |      23 |      16 |  41.0 |      12 |       8 |  40.0
            +---------+---------+-------+---------+---------+-------
